Map: King Sejong Station LE

Players

Morne - Winner!

  • Race: Terran Terran
  • Spawn Location: 11:00

Fropez

  • Race: Protoss Protoss
  • League: Gold
  • Spawn Location: 5:00

VOD

Have the link to the VOD?

Description

Time

  • Played on: Sept. 25, 2016, 1:34 p.m.
  • Length: 22:00
Show
View Real Time Build Order
Export as new Build Order

Morne Terran - Winner!

Build Orders:  

Get SALT Encoding   

  12  0:01  SCV  
  13  0:13  SCV  
  14  0:18  Supply Depot  
  14  0:25  SCV  
  15  0:40  SCV, Barracks  
  16  0:52  SCV  
  17  1:04  SCV  
  17  1:06  Supply Depot  
  18  1:16  SCV  
  19  1:31  Marine, Orbital Command  
  20  1:56  Marine, Command Center  
  20  2:00  SCV  
  22  2:01  Refinery  
  22  2:03  Refinery  
  22  2:14  Marine, SCV  
  24  2:35  SCV  
  24  2:36  Marine  
  26  2:46  Command Center  
  26  2:47  SCV  
  26  2:51  Factory  
  27  2:57  Engineering Bay  
  27  2:59  SCV  
  28  3:11  SCV  
  29  3:23  SCV  
  29  3:25  Refinery  
  29  3:26  Refinery  
  30  3:27  Missile Turret  
  30  3:32  Missile Turret  
  30  3:42  Planetary Fortress  
  30  3:58  SCV  
  31  4:08  Factory Tech Lab  
  31  4:10  SCV  
  31  4:12  Starport  
  32  4:18  Hi-Sec Auto Tracking  
  32  4:22  SCV  
  32  4:31  SCV  
  32  4:37  Bunker  
  33  4:38  SCV  
  34  4:45  Missile Turret  
  35  4:52  SCV  
  35  5:00  Planetary Fortress  
  35  5:15  Supply Depot  
  35  5:16  SCV  
  36  5:36  SCV x2  
  36  5:42  Supply Depot, Missile Turret  
  38  5:47  Raven  
  38  5:48  SCV  
  38  5:49  SCV  
  42  5:50  Building Armor  
  42  5:52  Factory Tech Lab  
  42  5:55  SCV  
  43  6:00  SCV, Missile Turret  
  43  6:01  SCV  
  43  6:03  Missile Turret  
  45  6:12  SCV x2  
  45  6:13  SCV  
  48  6:22  Missile Turret  
  48  6:24  Missile Turret  
  48  6:28  SCV x2  
  50  6:33  Missile Turret  
  50  6:34  Sensor Tower  
  50  6:39  SCV  
  51  6:40  SCV  
  51  6:43  Raven  
  54  6:52  Starport  
  54  6:53  Factory Tech Lab  
  54  6:57  Sensor Tower  
  54  6:59  SCV x3  
  57  7:04  Corvid Reactor  
  57  7:11  SCV  
  59  7:15  SCV x2  
  59  7:22  Refinery  
  60  7:24  Refinery  
  60  7:27  SCV  
  60  7:28  SCV, Raven, Command Center  
  64  7:30  Raven  
  64  7:32  Explosive Shrapnel Shells  
  66  7:47  SCV x2  
  68  7:58  Factory Tech Lab, Starport  
  68  7:59  Armory  
  68  8:04  SCV x2  
  68  8:05  SCV  
  71  8:07  Missile Turret  
  71  8:11  Command Center  
  71  8:12  Raven  
  73  8:13  Raven  
  75  8:20  SCV  
  76  8:31  Infernal Pre-Igniter  
  76  8:32  SCV  
  77  8:40  SCV x2  
  79  8:41  Raven  
  79  8:44  SCV  
  79  8:46  Terran Vehicle And Ship Armor Level 1  
  82  8:52  SCV  
  82  8:55  Raven  
  85  8:58  Raven  
  87  9:15  Command Center  
  87  9:36  Raven  
  87  9:38  Raven  
  91  9:39  Planetary Fortress  
  91  9:46  Raven  
  83  10:18  Raven  
  85  10:30  Planetary Fortress  
  75  11:29  Command Center  
  75  11:31  Raven x3  
  81  11:34  Refinery  
  81  11:37  Refinery, Terran Vehicle And Ship Armor Level 2  
  81  11:41  Missile Turret  
  81  11:42  Factory Reactor, Missile Turret  
  81  11:43  Missile Turret  
  81  11:51  Refinery  
  81  11:52  SCV  
  81  11:54  SCV  
  83  11:59  Command Center x2  
  83  12:04  SCV  
  83  12:06  SCV, Planetary Fortress  
  85  12:14  Raven x2  
  89  12:34  SCV  
  90  12:43  SCV  
  90  12:44  SCV x3  
  93  12:46  SCV  
  93  12:47  Raven  
  97  12:56  SCV  
  97  12:57  Raven x2  
  102  13:07  Refinery  
  102  13:11  Sensor Tower  
  102  13:24  SCV  
  102  13:25  Planetary Fortress  
  103  13:28  Missile Turret  
  103  13:30  Refinery, Missile Turret  
  103  13:33  Refinery, Missile Turret x2  
  100  13:36  SCV  
  96  13:49  Missile Turret  
  96  13:50  Planetary Fortress  
  96  13:58  Missile Turret  
  96  14:01  SCV x2  
  96  14:02  SCV x2  
  100  14:10  Missile Turret  
  100  14:23  SCV x3  
  103  14:26  SCV  
  103  14:31  Raven x3  
  108  14:33  Terran Vehicle And Ship Armor Level 3  
  108  14:35  SCV x2  
  113  14:38  SCV  
  112  14:47  SCV x2  
  112  14:50  SCV  
  113  14:59  SCV x2  
  114  15:02  SCV  
  115  15:13  Raven  
  117  15:20  SCV x2  
  119  15:32  SCV  
  119  15:33  Hellbat x2  
  114  16:17  SCV  
  108  16:20  Hellbat x2  
  112  16:28  SCV x2  
  112  16:29  SCV  
  112  16:31  Refinery  
  115  16:33  Refinery  
  115  16:40  SCV x2  
  115  16:41  SCV, Hellbat  
  115  16:42  Hellbat  
  122  16:52  SCV  
  122  16:54  SCV  
  124  17:15  SCV  
  124  17:16  SCV  
  124  17:20  SCV x3  
  129  17:28  SCV  
  130  17:38  Command Center  
  121  17:44  Command Center  
  120  17:59  SCV x2  
  122  18:11  SCV x2  
  124  18:14  Raven  
  124  18:15  Raven x2  
  124  18:17  Hellbat x2  
  134  18:23  SCV x2  
  136  18:35  SCV  
  136  18:37  Command Center  
  136  18:40  Command Center  
  136  18:41  Command Center  
  137  18:43  Command Center  
  137  18:50  Hellbat x2  
  141  18:57  Raven  
  143  19:11  Hellbat x2  
  143  19:12  SCV  
  143  19:13  SCV x2  
  150  19:17  Command Center  
  142  19:33  Hellbat x2  
  146  19:59  SCV x4  
  150  20:26  Planetary Fortress  
  150  20:27  Planetary Fortress  
  150  20:30  Raven x3  
  150  20:32  Refinery  
  150  20:33  Missile Turret  
  150  20:34  Refinery  
  156  20:39  Missile Turret  
  156  20:47  Missile Turret  
  156  20:48  Missile Turret  
  154  20:55  Missile Turret x2  
  146  21:13  Raven x3  
Show
View Real Time Build Order
Export as new Build Order

Fropez Protoss 

Build Orders: 1 Gate Expand, Zealot Archon 

Get SALT Encoding   

  12  0:03  Probe (Chrono Boost)  
  14  0:14  Probe (Chrono Boost)  
  14  0:19  Pylon  
  14  0:24  Probe (Chrono Boost)  
  15  0:37  Probe (Chrono Boost)  
  15  0:38  Gateway  
  16  0:48  Probe (Chrono Boost)  
  17  1:03  Probe (Chrono Boost)  
  18  1:18  Probe (Chrono Boost)  
  19  1:27  Cybernetics Core  
  19  1:33  Nexus  
  19  1:36  Probe (Chrono Boost)  
  20  1:55  Probe (Chrono Boost)  
  21  2:06  Probe (Chrono Boost)  
  22  2:08  Assimilator  
  22  2:12  Assimilator  
  22  2:23  Zealot (Chrono Boost)  
  23  2:47  Pylon  
  23  2:48  Zealot (Chrono Boost)  
  25  2:51  Pylon, Probe  
  25  2:52  Pylon  
  25  2:55  Assimilator  
  26  3:00  Assimilator  
  26  3:02  Pylon  
  26  3:03  Probe  
  27  3:12  Gateway  
  27  3:14  Warp Gate (Chrono Boost)  
  27  3:16  Mothership Core  
  29  3:23  Probe  
  30  3:31  Pylon  
  30  3:36  Pylon  
  30  3:47  Pylon  
  30  3:50  Probe  
  30  3:51  Probe  
  30  3:55  Pylon  
  31  4:03  Probe  
  31  4:08  Probe  
  33  4:13  Twilight Council  
  33  4:17  Adept  
  35  4:27  Probe  
  35  4:30  Probe  
  35  4:46  Gateway  
  35  4:47  Pylon  
  35  4:54  Blink (Chrono Boost)  
  35  5:00  Gateway  
  35  5:10  Probe  
  35  5:12  Stalker  
  35  5:13  Stalker  
  40  5:16  Probe  
  41  5:26  Probe  
  41  5:27  Pylon  
  42  5:34  Probe  
  41  5:45  Probe  
  41  5:46  Probe  
  43  5:57  Nexus  
  43  5:59  Pylon  
  43  6:05  Forge  
  43  6:06  Probe  
  43  6:07  Probe  
  45  6:19  Probe x2  
  47  6:29  Protoss Ground Weapons Level 1 (Chrono Boost)  
  47  6:30  Charge (Chrono Boost), Templar Archives  
  47  6:35  Probe  
  48  6:46  Stalker x2  
  52  6:51  Probe  
  53  6:54  Stalker  
  53  6:58  Stalker  
  57  7:10  Psionic Storm  
  57  7:12  Probe  
  57  7:14  Probe  
  57  7:15  Gateway  
  59  7:18  Probe  
  60  7:33  High Templar x3  
  60  7:34  High Templar  
  66  7:47  Archon x2  
  66  7:49  Probe x2  
  68  7:53  Probe, Assimilator  
  69  7:59  Assimilator  
  69  8:06  Stalker  
  69  8:07  Stalker  
  69  8:09  Stalker  
  69  8:10  Stalker  
  77  8:20  Probe  
  77  8:21  Probe  
  77  8:25  Gateway  
  79  8:28  Gateway  
  79  8:30  Stalker x3  
  79  8:33  Gateway  
  85  8:47  High Templar  
  85  8:48  High Templar, Probe  
  90  8:56  Probe  
  90  8:57  Probe  
  90  8:59  High Templar x3  
  90  9:00  Gateway  
  90  9:01  Gateway  
  98  9:07  Pylon  
  94  9:20  Protoss Ground Weapons Level 2  
  92  9:33  Stalker x3  
  92  9:34  Stalker x2  
  102  9:50  Gateway  
  102  9:51  Pylon  
  102  9:53  Pylon  
  102  9:57  Pylon  
  102  9:59  Gateway  
  100  10:01  Gateway  
  96  10:07  Stalker x2  
  96  10:08  Stalker  
  95  10:14  Stalker  
  95  10:15  Stalker x2  
  95  10:16  Zealot  
  98  10:26  Stalker x2  
  98  10:31  Probe x3  
  95  11:11  Zealot x6  
  83  11:12  Zealot x2  
  83  11:13  Zealot x2  
  97  11:23  Nexus  
  91  11:34  Protoss Ground Weapons Level 3  
  91  11:45  Pylon  
  91  11:47  Pylon  
  91  11:51  Probe  
  92  11:58  Photon Cannon  
  92  11:59  Photon Cannon  
  92  12:01  Photon Cannon  
  90  12:17  Zealot x5  
  90  12:18  Zealot  
  89  12:30  Stalker x3  
  91  12:43  Adept x4  
  99  12:45  Probe  
  99  12:47  Probe  
  99  12:48  Probe  
  102  12:52  Probe  
  103  12:59  Probe  
  103  13:05  Adept x2  
  108  13:06  Adept  
  108  13:09  Adept  
  112  13:13  Adept  
  112  13:17  Adept  
  112  13:19  Adept  
  118  13:26  Probe x2  
  120  13:28  Probe  
  120  13:29  Probe  
  122  13:42  Stalker x4  
  122  13:43  Stalker  
  114  13:55  Stalker  
  114  13:56  Stalker x2  
  112  14:20  Zealot  
  111  14:30  Adept x6  
  111  14:31  Adept x4  
  123  14:52  Adept  
  123  14:53  Adept x6  
  123  14:54  Adept x4  
  133  15:09  Probe x3  
  116  15:17  Stalker x4  
  116  15:18  Probe, Stalker  
  113  15:21  Probe  
  108  16:00  Protoss Ground Armor Level 1  
  90  16:29  Nexus  
  90  16:32  Assimilator, Robotics Facility  
  88  16:33  Robotics Facility  
  88  16:34  Robotics Facility  
  88  16:35  Pylon, Assimilator  
  87  16:52  High Templar x6  
  87  16:53  High Templar x5  
  87  16:54  High Templar x2  
  103  17:02  Probe  
  103  17:03  Probe x3  
  90  17:12  Probe  
  90  17:15  Probe x2  
  91  17:16  Mothership Core  
  91  17:20  Stargate  
  91  17:22  Stargate  
  92  17:23  Stargate  
  92  17:24  Probe  
  92  17:27  Probe  
  92  17:28  Probe  
  95  17:37  Probe  
  90  17:54  Nexus  
  70  17:59  Probe  
  70  18:00  Probe  
  70  18:01  Probe x2  
  74  18:08  Adept x4  
  74  18:09  Adept x2  
  86  18:19  Phoenix x3 (Chrono Boost)  
  86  18:43  Probe x2  
  86  18:44  Probe  
  89  18:55  High Templar x5  
  92  19:24  Phoenix (Chrono Boost)  
  92  19:26  Phoenix (Chrono Boost)  
  82  19:43  Probe  
  82  19:45  Probe x3  
  83  19:57  Probe  
  86  20:07  Phoenix (Chrono Boost)  
  86  20:19  Probe  
  40  21:45  Archon x2  
  40  21:46  Archon  
Tags
 
Composition
Zealot Archon
League
Gold
Matchup
PvT
Replay Pack
All Mines
Spawn Locations
Cross Positions
Add a new tag
Caveats
  • Supply blocks, unpowered buildings, or Contaminate may cause inaccurate times.
  • Supply counts are checked every 10 seconds.